 Dungeon Crawl Stone Soup version 0.29-a0-620-g13ace881f2 (webtiles) character file.

Game seed: 16578123251738814197

289 wilfster70 the Covert (level 6, 0/32 HPs)
             Began as a Spriggan Delver on June 18, 2022.
             Killed by miscasting Frozen Ramparts (9 damage)
             ... on level 5 of the Dungeon.
             The game lasted 00:14:38 (4279 turns).

wilfster70 the Covert (Spriggan Delver)             Turns: 4279, Time: 00:14:39

Health: 0/32       AC:  4    Str:  8    XL:     6   Next: 9%
Magic:  8/13       EV: 16    Int: 14    God:
Gold:   116        SH:  0    Dex: 16    Spells: 9/13 levels left

rFire   . . .      SeeInvis +   b - +0 dagger
rCold   . . .      Faith    .   (no shield)
rNeg    . . .      Spirit   .   n - +0 troll leather armour
rPois   +          Reflect  .   (helmet restricted)
rElec   .          Harm     .   v - scarf {+Inv}
rCorr   .          Rampage  .   (gloves unavailable)
Will    +....                   (boots unavailable)
Stlth   ++++......              (no amulet)
HPRegen 0.90/turn               h - ring of poison resistance
MPRegen 0.13/turn               (no ring)

@: very slightly contaminated, very quick
A: very small, no large weapons, unfitting armour, see invisible, speed 3
a: Evoke Invisibility


You were on level 5 of the Dungeon.
You visited 1 branch of the dungeon, and saw 5 of its levels.

You collected 260 gold pieces.
You spent 144 gold pieces at shops.

Inventory:

Hand Weapons
 a - a +0 hunting sling
 b - a +0 dagger (weapon)
Armour
 n - a +0 troll leather armour (worn)
 v - a scarf of invisibility (worn)
 w - a +0 buckler
Jewellery
 h - a ring of poison resistance (left hand)
Wands
 g - a wand of digging (3)
Scrolls
 c - a scroll of fog
 d - 2 scrolls of magic mapping
 e - 2 scrolls of fear
 i - 2 scrolls of blinking {unknown}
 k - 2 scrolls of teleportation {unknown}
 m - 2 scrolls of brand weapon {unknown}
Potions
 f - a potion of haste
 j - a potion of heal wounds
 l - 2 potions of lignification
 o - a potion of ambrosia {unknown}
 p - a potion of invisibility {unknown}
 q - 4 potions of curing
 s - a potion of degeneration {unknown}
 t - 2 potions of might
 u - a potion of magic


   Skills:
 - Level 2.4 Fighting
 - Level 2.1 Short Blades
 - Level 1.5 Armour
 - Level 2.6 Dodging
 - Level 8.1 Stealth
 + Level 4.1 Spellcasting
 + Level 2.7 Ice Magic


You had 9 spell levels left.
You knew the following spells:

 Your Spells              Type           Power      Damage    Failure   Level
a - Freeze                Ice            40%        1d6       9%          1
b - Frozen Ramparts       Ice            20%        1d4       26%         3

Your spell library contained the following spells:

 Spells                   Type           Power      Damage    Failure   Level
 Shock                    Conj/Air       8%         1d3       26%         1
 Sublimation of Blood     Necr           2%         N/A       38%         2
 Wereblood                Tmut           2%         N/A       38%         2
 Swiftness                Air            2%         N/A       63%         3
 Hailstorm                Conj/Ice       6%         3d4       83%         4
 Airstrike                Air            1%         N/A       95%         4
 Summon Hydra             Summ           1%         N/A       100%        7


Dungeon Overview and Level Annotations

Branches:
Dungeon (5/15)
 Temple: D:4-7

Altars:

Shops:
D:3 [

Annotations:
D:2 Sigmund
D:3 1 exclusion


Innate Abilities, Weirdness & Mutations

You are very small and have problems with some larger weapons.
You are too small for most types of armour.
You have supernaturally acute eyesight. (SInv)
You cover ground extremely quickly. (Speed+++)


Message History

The wall freezes the black bear.
The black bear barely misses you. x2
The black bear closely misses you.
You barely miss the black bear.
The black bear is moderately wounded.
The wall freezes the black bear.
The black bear bites you.
The black bear claws you but does no damage.
The black bear barely misses you.
You hit the black bear but do no damage.
The black bear is heavily wounded.
You barely miss the black bear.
The black bear is heavily wounded.
The wall freezes the black bear.
The black bear completely misses you. The black bear closely misses you.
The black bear completely misses you.
You hit the black bear.
The black bear is heavily wounded.
The wall freezes the black bear.
The black bear goes berserk!
You hit the black bear.
The black bear is severely wounded.
The wall freezes the black bear.
The black bear closely misses you. The black bear claws you.
The black bear barely misses you.
The wall freezes the black bear.
The black bear bites you!
The black bear claws you but does no damage.
The black bear claws you.
You hit the black bear.
The black bear is almost dead.
The frozen ramparts melt away.
The black bear bites you.
The black bear claws you but does no damage.
The black bear claws you.
* * * LOW HITPOINT WARNING * * *
Casting: Frozen Ramparts (quite dangerous; 26% risk of failure)
Confirm with . or Enter, or press ? or * to list all spells.
The spell is quite dangerous to miscast (26% risk of failure)!
Continue anyway? [Y]es or [N]o only, please.
The spell is quite dangerous to miscast (26% risk of failure)!
Continue anyway?
Casting: Frozen Ramparts (quite dangerous; 26% risk of failure)
Press: ? - help, Dir - look around, f - activate You miscast Frozen Ramparts.
You are very lightly contaminated with residual magic.
You are covered in a thin layer of ice!
You die...

### #$# ###########.#
# .......h@...# #
###########.##########
# #.#........# #
#######.#.######.# #
.....[..#.#<.# #.# #
#.
######..#.##.###.####
#o≈ #...............#
.. #####..#####.##.#
≈. #...............#


You could see a black bear (berserk).

Vanquished Creatures
  Ijyb (D:4)
  An iguana (D:4)
  Terence (D:3)
  Robin (D:3)
  10 adders
  4 dart slugs
  13 orcs
  4 ball pythons
  4 bats
  3 endoplasms
  4 giant cockroaches
  16 goblins
  11 hobgoblins
  8 jackals (D:1)
  3 frilled lizards
  5 kobolds
  A rat (D:2)
90 creatures vanquished.

Notes
Turn   | Place    | Note
-------+----------+-------------------------------------------
     0 | D:5      | wilfster70 the Spriggan Delver began the quest for the Orb.
     0 | D:5      | Reached XP level 1. HP: 11/11 MP: 2/2
     8 | D:5      | Noticed a scorpion
    35 | D:5      | Noticed an orc wizard
   179 | D:4      | Reached skill level 8 in Stealth
   179 | D:4      | Reached XP level 2. HP: 16/16 MP: 3/3
   483 | D:2      | Learned a level 1 spell: Freeze
   556 | D:1      | Found a faded altar of an unknown god.
   559 | D:1      | Reached skill level 1 in Spellcasting
   610 | D:1      | Reached XP level 3. HP: 8/19 MP: 5/5
  1086 | D:1      | Reached skill level 1 in Ice Magic
  1501 | D:2      | Learned a level 3 spell: Frozen Ramparts
  1698 | D:2      | Noticed Sigmund
  1984 | D:3      | Reached XP level 4. HP: 23/23 MP: 8/8
  2104 | D:3      | Reached skill level 1 in Armour
  2115 | D:3      | Found Linaewics's Armour Emporium.
  2115 | D:3      | You fall into a shaft and drop 1 floor!
  2225 | D:3      | Noticed Terence
  2543 | D:3      | Killed Terence
  2544 | D:3      | Reached XP level 5. HP: 22/27 MP: 8/10
  2588 | D:3      | Noticed Robin
  2694 | D:3      | Killed Robin
  2844 | D:3      | Bought a scarf of invisibility for 144 gold pieces
  3129 | D:4      | Noticed Ijyb
  3132 | D:4      | Paralysed by Ijyb for 3 turns
  3191 | D:4      | Killed Ijyb
  4010 | D:4      | Reached XP level 6. HP: 28/32 MP: 8/13
  4279 | D:5      | Killed by miscasting Frozen Ramparts

Illustrated notes

Levels and vault maps discovered:
D:1:      minmay_arrival_three_doors, layout_basic,
          hellmonk_ecumenical_altar_blasted, moated_statue
D:2:      layout_rooms, small_statue_intersection, hangedman_decor_push,
          uniq_sigmund
D:3:      layout_loops_cross, serial_shops, nicolae_shop_advertising_works
          [nicolae_subvault_shop_adworks], moated_statue, minmay_bisected,
          uniq_terence, uniq_robin
D:4:      layout_rooms, uniq_ijyb
D:5:      minmay_inner_zag, layout_basic, nicolae_ru_path_of_blood

Skill      XL: |  1  2  3  4  5 |
---------------+----------------+-----
Stealth        | 8 |  8.1
Spellcasting   | 1 2 4 |  4.1
Ice Magic      | 1 2 |  2.7
Armour         | 1 |  1.5
Fighting       | |  2.4
Short Blades   | |  2.1
Dodging        | |  2.6

Action                   |  1- 3 |  4- 6 || total
-------------------------+-------+-------++-------
Melee: Dagger            |   144 |   318 ||   462
       Short sword       |     1 |       ||     1
       Punch             |     2 |     1 ||     3
 Fire: Hunting sling     |    12 |       ||    12
 Cast: Freeze            |     5 |     9 ||    14
       Frozen Ramparts   |       |     8 ||     8
  Use: Scroll            |     2 |     3 ||     5
       Potion            |       |     2 ||     2
 Stab: Sleeping          |    13 |     6 ||    19
       Distracted        |       |     1 ||     1
Armor: Robe              |     2 |       ||     2
       Troll leather arm |    21 |    56 ||    77
Dodge: Dodged            |   104 |   275 ||   379

Table legend: (Time is in decaauts)
 A = Elapsed time spent in this place.
 B = Non-inter-level travel time spent in this place.
 C = Inter-level travel time spent in this place.
 D = Time resting spent in this place.
 E = Time spent auto-exploring this place.
 F = Levels seen in this place.
 G = Mean time per level.
                   A        B        C        D        E       F      G
               +--------+--------+--------+--------+--------+-----+--------+
         Total |   3173 |   3100 |     73 |    926 |    815 |   5 |  634.6 |
       Dungeon |   3173 |   3100 |     73 |    926 |    815 |   5 |  634.6 |
               +--------+--------+--------+--------+--------+-----+--------+

Top non-repeatable levels by time:
     D:3: 1090 daAuts
     D:4: 701 daAuts
     D:1: 663 daAuts
     D:2: 561 daAuts
     D:5: 156 daAuts
